[ AOE2 MATCH · #505256971 ]
UnrankedMongols vs Japanese
Player's team · LOSS
Rival team · WIN
[ REPLAY ANALYSIS · EXTRACTED FROM THE RECORDED GAME ]
Feudal
8:03
Castle
24:12
Imperial
—
| APM avg | 44.7 |
| APM peak | 69 |
| eAPM avg | 24.4 |
| Villagers / military | 171 / 72 |
Focus
⚔️ 43.6% · 🌾 56.4%
Archer ×24 · Mangudai ×24 · Monk ×6 · Scorpion ×5 · Mangonel ×4 · Skirmisher ×4
Feudal
8:51
Castle
27:47
Imperial
45:33
| APM avg | 54.1 |
| APM peak | 83 |
| eAPM avg | 24.2 |
| Villagers / military | 177 / 74 |
Focus
⚔️ 29.2% · 🌾 70.8%
Cavalry Archer ×38 · Knight ×20 · Scout Cavalry ×9 · Militia ×4 · Mangonel ×3
Match map
Initial resources + every placement click. Lines = walls · curves = elevation contours. ◆ gold · ⬟ stone · ● berries · ✦ relic · ◌ wall gap
Your base· Open — 3t gap
新竹's base· Open — 2t gap
Smoothed initial terrain · ◌ = detected wall gap · hover for details
Inputs per minute
— Pope Leo I. - - 新竹
Build order — Pope Leo I.
First 150 of 344 actions detected
| 0:01 | Queue | Villager (Male) |
| 0:01 | Queue | Villager (Male) |
| 0:02 | Build | House |
| 0:03 | Build | House |
| 0:05 | Queue | Villager (Male) |
| 0:06 | Queue | Villager (Male) |
| 1:24 | Queue | Villager (Male) |
| 1:24 | Queue | Villager (Male) |
| 1:52 | Queue | Villager (Male) |
| 1:52 | Queue | Villager (Male) |
| 1:57 | Build | Lumber Camp |
| 2:31 | Queue | Villager (Male) |
| 2:32 | Queue | Villager (Male) |
| 2:49 | Queue | Villager (Male) |
| 2:49 | Queue | Villager (Male) |
| 2:51 | Queue | Villager (Male) |
| 2:52 | Queue | Villager (Male) |
| 3:35 | Queue | Villager (Male) |
| 3:35 | Queue | Villager (Male) |
| 3:36 | Queue | Villager (Male) |
| 3:56 | Build | House |
| 3:57 | Build | House |
| 4:00 | Queue | Villager (Male) |
| 4:01 | Queue | Villager (Male) |
| 4:23 | Queue | Villager (Male) |
| 4:23 | Queue | Villager (Male) |
| 4:28 | Queue | Villager (Male) |
| 4:28 | Queue | Villager (Male) |
| 4:38 | Build | Palisade Wall |
| 4:40 | Build | Mining Camp |
| 4:43 | Build | Palisade Wall |
| 4:47 | Queue | Villager (Male) |
| 4:48 | Queue | Villager (Male) |
| 5:18 | Queue | Villager (Male) |
| 5:18 | Queue | Villager (Male) |
| 5:25 | Queue | Villager (Male) |
| 5:26 | Queue | Villager (Male) |
| 5:53 | Research | Feudal Age |
| 6:23 | Queue | Villager (Male) |
| 6:37 | Queue | Villager (Male) |
| 6:52 | Queue | Villager (Male) |
| 7:07 | Build | Barracks |
| 7:10 | Queue | Villager (Male) |
| 7:14 | Build | Palisade Wall |
| 7:18 | Build | Palisade Wall |
| 7:19 | Build | Palisade Wall |
| 7:28 | Queue | Villager (Male) |
| 7:58 | Queue | Villager (Male) |
| 8:03 | Age | Feudal Age |
| 8:08 | Research | Double-Bit Axe |
| 8:08 | Research | Double-Bit Axe |
| 8:22 | Research | Loom |
| 8:32 | Build | Archery Range |
| 8:41 | Queue | Villager (Male) |
| 8:50 | Queue | Villager (Male) |
| 9:06 | Queue | Villager (Male) |
| 9:11 | Queue | Spearman |
| 9:11 | Queue | Spearman |
| 9:14 | Queue | Villager (Male) |
| 9:23 | Queue | Archer |
| 9:24 | Queue | Archer |
| 9:43 | Queue | Villager (Male) |
| 9:48 | Queue | Archer |
| 9:51 | Build | Mill |
| 10:02 | Build | House |
| 10:20 | Build | Mill |
| 10:29 | Build | House |
| 10:46 | Queue | Villager (Male) |
| 10:50 | Queue | Villager (Male) |
| 10:52 | Build | House |
| 11:01 | Build | Farm |
| 11:02 | Build | Farm |
| 11:03 | Research | Horse Collar |
| 11:10 | Queue | Villager (Male) |
| 11:16 | Build | Blacksmith |
| 11:22 | Build | Blacksmith |
| 11:29 | Queue | Skirmisher |
| 11:32 | Queue | Villager (Male) |
| 11:48 | Queue | Villager (Male) |
| 11:53 | Queue | Skirmisher |
| 11:55 | Queue | Villager (Male) |
| 12:05 | Queue | Villager (Male) |
| 12:10 | Build | Mining Camp |
| 12:20 | Queue | Skirmisher |
| 12:30 | Build | Farm |
| 12:56 | Queue | Skirmisher |
| 13:08 | Build | Watch Tower |
| 13:21 | Queue | Archer |
| 13:25 | Build | Palisade Wall |
| 13:26 | Build | Palisade Wall |
| 13:27 | Build | Palisade Wall |
| 13:30 | Build | House |
| 13:32 | Build | Stone Wall |
| 13:33 | Build | Stone Wall |
| 13:34 | Build | Stone Wall |
| 13:40 | Build | Farm |
| 13:43 | Queue | Villager (Male) |
| 14:04 | Build | Farm |
| 14:05 | Build | Farm |
| 14:08 | Build | Farm |
| 14:09 | Build | Farm |
| 14:13 | Queue | Archer |
| 14:22 | Build | Farm |
| 14:24 | Build | Farm |
| 14:31 | Queue | Villager (Male) |
| 14:52 | Queue | Archer |
| 14:59 | Build | Farm |
| 15:01 | Queue | Villager (Male) |
| 15:03 | Build | Farm |
| 15:07 | Queue | Archer |
| 15:10 | Queue | Villager (Male) |
| 15:17 | Build | Farm |
| 15:22 | Research | Fletching |
| 15:22 | Research | Fletching |
| 15:33 | Build | Farm |
| 15:36 | Queue | Villager (Male) |
| 15:42 | Build | House |
| 15:58 | Queue | Villager (Male) |
| 16:03 | Research | Town Watch |
| 16:09 | Queue | Archer |
| 16:41 | Build | Mill |
| 16:41 | Queue | Villager (Male) |
| 16:42 | Queue | Archer |
| 16:53 | Queue | Villager (Male) |
| 16:55 | Queue | Villager (Male) |
| 16:57 | Queue | Villager (Male) |
| 17:02 | Queue | Archer |
| 17:14 | Queue | Archer |
| 17:33 | Queue | Villager (Male) |
| 17:36 | Build | Mining Camp |
| 17:53 | Queue | Archer |
| 17:56 | Queue | Villager (Male) |
| 18:02 | Build | House |
| 18:04 | Queue | Villager (Male) |
| 18:10 | Build | House |
| 18:19 | Queue | Archer |
| 18:27 | Build | Farm |
| 18:31 | Queue | Archer |
| 18:38 | Queue | Villager (Male) |
| 18:50 | Queue | Villager (Male) |
| 18:54 | Queue | Archer |
| 19:03 | Build | House |
| 19:05 | Build | Outpost |
| 19:16 | Queue | Archer |
| 19:31 | Queue | Villager (Male) |
| 19:44 | Queue | Villager (Male) |
| 20:00 | Queue | Villager (Male) |
| 20:22 | Build | House |
| 20:45 | Queue | Villager (Male) |
| 20:52 | Build | Market |
Build order — 新竹
First 150 of 388 actions detected
| 0:00 | Queue | Villager (Male) |
| 0:01 | Queue | Villager (Male) |
| 0:01 | Queue | Villager (Male) |
| 0:03 | Build | House |
| 0:06 | Build | House |
| 0:16 | Queue | Villager (Male) |
| 0:16 | Queue | Villager (Male) |
| 1:25 | Queue | Villager (Male) |
| 1:26 | Queue | Villager (Male) |
| 1:26 | Queue | Villager (Male) |
| 1:51 | Build | Lumber Camp |
| 2:06 | Queue | Villager (Male) |
| 2:06 | Queue | Villager (Male) |
| 2:25 | Queue | Villager (Male) |
| 2:25 | Queue | Villager (Male) |
| 2:25 | Queue | Villager (Male) |
| 2:51 | Queue | Villager (Male) |
| 2:51 | Queue | Villager (Male) |
| 2:51 | Queue | Villager (Male) |
| 3:09 | Queue | Villager (Male) |
| 3:09 | Queue | Villager (Male) |
| 3:09 | Queue | Villager (Male) |
| 3:26 | Build | House |
| 3:36 | Queue | Villager (Male) |
| 3:37 | Queue | Villager (Male) |
| 4:02 | Queue | Villager (Male) |
| 4:03 | Queue | Villager (Male) |
| 4:20 | Queue | Villager (Male) |
| 4:25 | Queue | Villager (Male) |
| 4:51 | Queue | Villager (Male) |
| 4:51 | Queue | Villager (Male) |
| 4:51 | Queue | Villager (Male) |
| 4:59 | Queue | Villager (Male) |
| 4:59 | Queue | Villager (Male) |
| 4:59 | Queue | Villager (Male) |
| 5:32 | Build | Mining Camp |
| 5:34 | Build | Palisade Wall |
| 5:45 | Research | Loom |
| 5:46 | Research | Loom |
| 6:37 | Research | Feudal Age |
| 6:37 | Research | Feudal Age |
| 6:42 | Build | House |
| 7:05 | Build | House |
| 7:21 | Build | Barracks |
| 7:58 | Build | Mill |
| 8:00 | Queue | Militia |
| 8:01 | Queue | Militia |
| 8:01 | Queue | Militia |
| 8:11 | Build | Palisade Wall |
| 8:35 | Build | Palisade Wall |
| 8:41 | Build | Palisade Wall |
| 8:44 | Build | Palisade Wall |
| 8:47 | Build | Palisade Wall |
| 8:51 | Age | Feudal Age |
| 8:54 | Research | Man-at-Arms (upgrade) |
| 8:54 | Research | Man-at-Arms (upgrade) |
| 8:55 | Queue | Villager (Male) |
| 8:55 | Queue | Villager (Male) |
| 8:55 | Queue | Villager (Male) |
| 9:15 | Build | Watch Tower |
| 9:21 | Queue | Villager (Male) |
| 9:21 | Queue | Villager (Male) |
| 9:30 | Build | Mining Camp |
| 9:33 | Queue | Villager (Male) |
| 9:36 | Build | House |
| 10:01 | Queue | Villager (Male) |
| 10:02 | Queue | Villager (Male) |
| 10:02 | Queue | Villager (Male) |
| 10:24 | Build | Mill |
| 10:36 | Queue | Villager (Male) |
| 10:36 | Queue | Villager (Male) |
| 11:04 | Queue | Villager (Male) |
| 11:04 | Queue | Villager (Male) |
| 11:13 | Research | Double-Bit Axe |
| 11:13 | Research | Double-Bit Axe |
| 11:14 | Queue | Villager (Male) |
| 11:32 | Build | Watch Tower |
| 11:51 | Queue | Villager (Male) |
| 11:52 | Queue | Villager (Male) |
| 11:52 | Queue | Villager (Male) |
| 12:02 | Queue | Villager (Male) |
| 12:02 | Queue | Villager (Male) |
| 12:19 | Queue | Militia |
| 12:37 | Build | Stable |
| 12:40 | Queue | Villager (Male) |
| 12:41 | Queue | Villager (Male) |
| 12:47 | Queue | Villager (Male) |
| 12:56 | Research | Horse Collar |
| 12:57 | Research | Horse Collar |
| 12:57 | Queue | Villager (Male) |
| 12:58 | Queue | Villager (Male) |
| 13:06 | Build | Farm |
| 13:29 | Queue | Villager (Male) |
| 13:29 | Queue | Villager (Male) |
| 13:59 | Queue | Villager (Male) |
| 14:02 | Build | House |
| 14:13 | Build | Blacksmith |
| 14:18 | Queue | Villager (Male) |
| 14:22 | Queue | Scout Cavalry |
| 14:22 | Queue | Scout Cavalry |
| 14:48 | Research | Fletching |
| 14:48 | Research | Fletching |
| 14:57 | Queue | Scout Cavalry |
| 14:57 | Queue | Scout Cavalry |
| 15:06 | Build | Farm |
| 15:07 | Build | Farm |
| 15:23 | Queue | Villager (Male) |
| 15:24 | Queue | Villager (Male) |
| 15:25 | Build | Farm |
| 15:30 | Queue | Villager (Male) |
| 15:30 | Queue | Villager (Male) |
| 15:57 | Build | Farm |
| 16:00 | Build | Farm |
| 16:29 | Queue | Scout Cavalry |
| 16:31 | Queue | Villager (Male) |
| 16:31 | Queue | Villager (Male) |
| 16:33 | Build | House |
| 16:35 | Build | House |
| 17:06 | Queue | Villager (Male) |
| 17:06 | Queue | Villager (Male) |
| 17:06 | Queue | Villager (Male) |
| 17:07 | Build | Farm |
| 17:26 | Queue | Scout Cavalry |
| 17:26 | Queue | Scout Cavalry |
| 17:33 | Build | Farm |
| 17:53 | Build | Watch Tower |
| 17:58 | Queue | Scout Cavalry |
| 17:58 | Queue | Scout Cavalry |
| 18:03 | Queue | Villager (Male) |
| 18:04 | Queue | Villager (Male) |
| 18:04 | Queue | Villager (Male) |
| 18:06 | Build | Farm |
| 18:15 | Build | Watch Tower |
| 18:25 | Queue | Villager (Male) |
| 18:25 | Queue | Villager (Male) |
| 18:26 | Queue | Villager (Male) |
| 18:34 | Build | Watch Tower |
| 18:39 | Build | Watch Tower |
| 18:39 | Queue | Villager (Male) |
| 19:21 | Queue | Villager (Male) |
| 19:21 | Queue | Villager (Male) |
| 19:33 | Queue | Villager (Male) |
| 19:33 | Queue | Villager (Male) |
| 19:33 | Queue | Villager (Male) |
| 19:33 | Queue | Villager (Male) |
| 19:35 | Build | Farm |
| 20:12 | Queue | Villager (Male) |
| 20:21 | Build | House |
| 20:42 | Queue | Villager (Male) |
| 20:47 | Build | Lumber Camp |
Match timeline
| 4:38 | Pope Leo I. · wall_segment Palisade Wall x1 |
| 4:43 | Pope Leo I. · wall_segment Palisade Wall x1 |
| 5:34 | 新竹 · wall_segment Palisade Wall x1 |
| 7:07 | Pope Leo I. · first_building Barracks |
| 7:14 | Pope Leo I. · wall_segment Palisade Wall x1 |
| 7:18 | Pope Leo I. · wall_segment Palisade Wall x1 |
| 7:19 | Pope Leo I. · wall_segment Palisade Wall x1 |
| 7:21 | 新竹 · first_building Barracks |
| 8:03 | Pope Leo I. · age_up feudal |
| 8:11 | 新竹 · wall_segment Palisade Wall x2 |
| 8:32 | Pope Leo I. · first_building Archery Range |
| 8:35 | 新竹 · wall_segment Palisade Wall x1 |
| 8:41 | 新竹 · wall_segment Palisade Wall x2 |
| 8:44 | 新竹 · wall_segment Palisade Wall x2 |
| 8:47 | 新竹 · wall_segment Palisade Wall x2 |
| 8:51 | 新竹 · age_up feudal |
| 12:37 | 新竹 · first_building Stable |
| 13:25 | Pope Leo I. · wall_segment Palisade Wall x1 |
| 13:26 | Pope Leo I. · wall_segment Palisade Wall x1 |
| 13:27 | Pope Leo I. · wall_segment Palisade Wall x1 |
| 13:32 | Pope Leo I. · wall_segment Stone Wall x1 |
| 13:33 | Pope Leo I. · wall_segment Stone Wall x1 |
| 13:34 | Pope Leo I. · wall_segment Stone Wall x1 |
| 21:27 | Pope Leo I. · first_market_buy 100 food |
| 24:12 | Pope Leo I. · age_up castle |
| 24:55 | Pope Leo I. · first_market_sell 100 wood |
| 25:00 | Pope Leo I. · first_building Castle |
| 25:06 | 新竹 · first_market_buy 100 food |
| 25:06 | 新竹 · first_market_sell 100 wood |
| 26:58 | Pope Leo I. · first_building Siege Workshop |
| 27:47 | 新竹 · age_up castle |
| 29:26 | 新竹 · first_building Siege Workshop |
| 29:44 | Pope Leo I. · first_building Monastery |
| 35:44 | 新竹 · first_building Archery Range |
| 40:42 | Pope Leo I. · wall_segment Stone Wall x7 |
| 40:45 | Pope Leo I. · wall_segment Stone Wall x10 |
| 45:00 | 新竹 · first_building Castle |
| 45:33 | 新竹 · age_up imperial |
| 45:37 | 新竹 · first_building Monastery |
| 45:50 | Pope Leo I. · resign |
[ AI ANALYSIS · 1 CREDIT ]
What really happened in this match?
Wolo.gg analyzes every decision: build order, eco, micro, common mistakes by bracket. Personalized analysis on WhatsApp or Discord in 30 seconds.
Civ guide
Mongols
Perfil
Pope Leo I.